Map: [ESL] Goldenaura

Players

Lambo - Winner!

  • Race: Zerg Zerg
  • Spawn Location: 5:00

RedpackCuKu (CuKu)

  • Race: Terran Terran
  • League: Master
  • Spawn Location: 12:00

Event: HomeStory Cup XXIV

VOD

Have the link to the VOD?

Description

Time

  • Played on: Dec. 1, 2023, 12:31 p.m.
  • Length: 7:26

All games in this series

Show
View Real Time Build Order
Export as new Build Order

Lambo Zerg - Winner!

Build Orders: Pool First 

Get SALT Encoding   

  12  0:00  Drone  
  13  0:12  Overlord  
  13  0:17  Drone  
  14  0:30  Drone x2  
  14  0:34  Drone  
  17  0:43  Spawning Pool  
  17  0:47  Drone  
  17  1:07  Hatchery  
  17  1:09  Drone  
  17  1:14  Extractor  
  17  1:17  Drone  
  17  1:30  Zergling x4  
  17  1:31  Queen  
  21  1:39  Overlord  
  21  1:49  Drone  
  23  2:01  Drone  
  23  2:10  Drone  
  23  2:12  Queen  
  26  2:18  Hatchery  
  26  2:20  Drone  
  26  2:25  Drone  
  28  2:30  Drone  
  28  2:35  Drone  
  29  2:41  Drone  
  29  2:45  Drone x2  
  29  2:46  Metabolic Boost  
  29  2:49  Drone  
  32  2:52  Drone  
  32  2:55  Overlord  
  32  2:59  Drone  
  32  3:04  Queen  
  35  3:07  Drone  
  36  3:13  Queen  
  36  3:19  Drone x2  
  41  3:20  Zergling x2  
  41  3:22  Zergling x2  
  41  3:23  Drone  
  41  3:24  Drone  
  44  3:29  Queen  
  44  3:33  Overlord  
  46  3:36  Overlord  
  46  3:42  Queen  
  46  3:45  Overlord  
  46  3:48  Drone  
  49  3:49  Drone  
  49  3:53  Drone  
  49  3:55  Queen  
  51  3:59  Zergling x2  
  51  4:00  Zergling x2  
  55  4:04  Overlord  
  55  4:06  Drone x2  
  57  4:10  Drone x2  
  57  4:11  Overlord  
  57  4:13  Drone  
  60  4:19  Baneling Nest  
  60  4:23  Queen  
  61  4:25  Drone x2  
  61  4:29  Drone  
  61  4:30  Drone  
  65  4:32  Zergling x6  
  65  4:37  Zergling x2  
  65  4:38  Drone x3  
  72  4:41  Drone x2  
  72  4:45  Zergling x2  
  75  4:46  Overlord  
  75  4:48  Zergling x2  
  75  4:49  Queen  
  75  4:52  Extractor  
  76  4:54  Spore Crawler  
  76  4:59  Drone x5  
  80  5:06  Baneling x4  
  80  5:08  Drone x5  
  80  5:12  Baneling x3  
  85  5:14  Baneling  
  85  5:16  Drone x4  
  85  5:19  Baneling x2  
  89  5:26  Overlord  
  89  5:30  Extractor  
  89  5:31  Extractor  
  87  5:36  Overlord  
  87  5:37  Hatchery  
  87  5:40  Lair, Overlord  
  86  5:45  Spore Crawler  
  86  5:46  Drone x4  
  86  5:47  Extractor  
  86  5:49  Drone  
  89  5:52  Overlord  
  89  5:55  Drone x7  
  96  6:01  Evolution Chamber  
  96  6:02  Drone, Evolution Chamber  
  96  6:03  Drone  
  96  6:04  Spore Crawler  
  96  6:05  Drone x2  
  96  6:07  Drone  
  96  6:11  Zergling x4  
  100  6:14  Drone x2  
  100  6:17  Overlord  
  102  6:19  Zergling x4  
  102  6:21  Overlord  
  102  6:24  Zergling x8  
  108  6:34  Zergling x4  
  111  6:40  Zergling x8  
  111  6:41  Baneling x2  
  111  6:45  Overlord  
  113  6:47  Zergling x14  
  120  6:54  Baneling x5  
  120  6:58  Zergling x8  
  124  7:01  Baneling x2  
  124  7:02  Baneling  
  124  7:03  Zergling x4  
  124  7:07  Baneling x2  
Show
View Real Time Build Order
Export as new Build Order

RedpackCuKu Terran 

Build Orders: Hellion Opening, Reaper Expand 

Get SALT Encoding   

  12  0:00  SCV  
  14  0:14  SCV  
  14  0:17  Supply Depot  
  14  0:26  SCV  
  15  0:39  SCV  
  15  0:41  Barracks  
  16  0:46  Refinery  
  16  0:52  SCV  
  17  1:04  SCV  
  18  1:17  SCV  
  19  1:29  Orbital Command, Reaper  
  20  1:42  Command Center  
  20  1:53  Supply Depot  
  20  1:55  SCV  
  21  2:01  Marine  
  22  2:09  SCV  
  23  2:16  Factory  
  23  2:20  Refinery  
  23  2:21  SCV  
  24  2:23  Barracks Reactor  
  24  2:38  SCV  
  25  3:03  Starport  
  25  3:06  Orbital Command  
  25  3:07  Hellion  
  25  3:08  Hellion  
  25  3:12  SCV  
  30  3:18  Barracks Tech Lab  
  30  3:24  SCV  
  31  3:30  Hellion  
  31  3:31  Hellion  
  36  3:36  Supply Depot  
  36  3:37  Marauder  
  36  3:39  Viking  
  39  3:52  Hellion x2  
  43  3:57  SCV x2  
  43  3:59  Marauder  
  47  4:06  Supply Depot  
  47  4:13  Armory  
  47  4:14  Concussive Shells, Medivac  
  49  4:20  Cyclone  
  49  4:23  Hellion  
  53  4:28  Marauder  
  55  4:31  SCV x2  
  57  4:43  SCV  
  58  4:47  SCV  
  58  4:49  Hellion  
  61  4:59  Supply Depot  
  61  5:01  Supply Depot  
  61  5:07  SCV  
  61  5:10  Hellion  
  61  5:11  Hellion  
  66  5:14  Hellion x7  
  66  5:15  Marauder  
  67  5:22  Medivac  
  67  5:23  SCV  
  67  5:24  SCV  
  71  5:31  Cyclone  
  71  5:32  Cyclone  
  71  5:35  SCV  
  76  5:36  Supply Depot  
  76  5:39  Stimpack  
  76  5:40  Marauder  
  78  5:43  Barracks  
  78  5:46  SCV  
  79  5:51  Supply Depot  
  79  6:01  Marauder  
  79  6:03  Cyclone, SCV  
  84  6:04  Cyclone, SCV  
  87  6:11  Supply Depot  
  87  6:12  Medivac  
  91  6:25  Marauder  
  91  6:30  Barracks Tech Lab  
  91  6:33  SCV x2  
  91  6:37  Cyclone x2  
  99  6:47  Marauder  
  99  6:50  Marauder  
  101  7:07  SCV  
  104  7:17  Command Center  
Tags
 
Add a new tag
Caveats
  • Supply blocks, unpowered buildings, or Contaminate may cause inaccurate times.
  • Supply counts are checked every 10 seconds.